[Event "Titled Tuesday Blitz May 4 2021"]
[White "Schut, Lisa"]
[Black "Espinosa Veloz, Ermes"]
[WhiteFideId "1019481"]
[BlackFideId "3507424"]
[WhiteElo "2234"]
[BlackElo "2333"]
[Result "1-0"]
[Round "05"]
[TimeControl "180+1"]
[Date "2021.05.04"]
[WhiteClock "0:00:48"]
[BlackClock "0:01:03"]

1. e4 c6 2. d4 d5 3. Nc3 dxe4 4. Nxe4 Nf6 5. Nxf6+ exf6 6. c3 Bd6 7. Bd3 O-O 8. Ne2 Re8 9. O-O Qc7 10. Ng3 Nd7 11. Nf5 Bf8 12. Nh6+ Kh8 13. Nxf7+ Kg8 14. Qh5 f5 15. Nh6+ gxh6 16. Qxe8 Nf6 17. Qe2 Bd7 18. Qf3 Ne4 19. Bf4 Qd8 20. Bxe4 fxe4 21. Qg3+ Kf7 22. Rfe1 Bf5 23. Be5 Qd7 24. Qf4 Kg8 25. Re3 Bg6 26. Rae1 Re8 27. h4 h5 28. Rg3 Re7 29. Qxe4 Qe6 30. Qf4 Rf7 31. Qe3 Be7 32. Rf3 Bxh4 33. Rxf7 Qxf7 34. g3 Bd8 35. Qf4 Qxa2 36. Bf6 Bxf6 37. Qxf6 Qf7 38. Qd8+ Kg7 39. Re7 1-0


[Site "https://www.chess.com"]

[Event "Titled Tuesday Blitz May 4 2021"]
[White "Senthil Maran K"]
[Black "Kopjonkin, Kirill"]
[WhiteFideId "25035681"]
[BlackFideId "24140090"]
[WhiteElo "2194"]
[BlackElo "2224"]
[Result "1-0"]
[Round "05"]
[TimeControl "180+1"]
[Date "2021.05.04"]
[WhiteClock "0:00:23"]
[BlackClock "0:00:59"]

1. d4 Nf6 2. c4 g6 3. g3 Bg7 4. Bg2 O-O 5. Nf3 d6 6. O-O Nc6 7. Nc3 e5 8. dxe5 dxe5 9. Bg5 Be6 10. Nd5 Bxd5 11. Bxf6 Qxf6 12. cxd5 Nd4 13. e3 Nxf3+ 14. Qxf3 Qd6 15. Rac1 f5 16. e4 Rac8 17. Rc2 c5 18. Rd1 b6 19. Qe2 f4 20. Bh3 f3 21. Qe3 Rcd8 22. Bg4 Qf6 23. Rc3 h5 24. Bxf3 Kh7 25. Bg2 Rd6 26. Qe2 Bh6 27. Rf3 Qe7 28. Rxf8 Qxf8 29. b3 h4 30. Qg4 hxg3 31. hxg3 Rf6 32. Rf1 Qd8 33. Bf3 Qf8 34. Kg2 Kg7 35. Rh1 Rf7 36. a4 Bd2 37. Qh4 Qg8 38. Bg4 Rf6 39. Be6 Rxe6 40. dxe6 Qxe6 41. Qh8+ Kf7 42. Rh7# 1-0


[Site "https://www.chess.com"]

[Event "Titled Tuesday Blitz May 4 2021"]
[White "Serikbay, Assel"]
[Black "Von Buelow, Georg"]
[WhiteFideId "13706799"]
[BlackFideId "4620658"]
[WhiteElo "2044"]
[BlackElo "2197"]
[Result "0-1"]
[Round "05"]
[TimeControl "180+1"]
[Date "2021.05.04"]
[WhiteClock "0:00:08"]
[BlackClock "0:00:25"]

1. e4 e5 2. Nf3 Nc6 3. Bb5 a6 4. Ba4 Nf6 5. O-O Be7 6. c3 O-O 7. Re1 d6 8. h3 b5 9. Bb3 Nb8 10. d4 Nbd7 11. Nbd2 Bb7 12. Bc2 Re8 13. Nf1 Bf8 14. Ng3 g6 15. a4 c5 16. b3 Bg7 17. Bb2 Nb6 18. a5 Nbd7 19. d5 Rf8 20. Nh2 Bc8 21. Qd2 Ra7 22. h4 h5 23. Rf1 Nh7 24. Nf3 Ndf6 25. c4 b4 26. Qe2 Ng4 27. Bd3 Bf6 28. Nh2 Bxh4 29. Nxg4 Bxg4 30. Qd2 Bg5 31. Qc2 Bf4 32. Ne2 Bh6 33. g3 Bf3 34. Rfe1 h4 35. Nc1 Qg5 36. Be2 Bxe2 37. Qxe2 hxg3 38. Qf3 gxf2+ 39. Kxf2 Qh4+ 40. Qg3 Bg5 41. Qxh4 Bxh4+ 42. Ke2 Bxe1 43. Kxe1 Nf6 44. Ne2 Nxe4 45. Kd1 f6 46. Kc2 Rh7 47. Rg1 Kf7 48. Rf1 Rh2 49. Re1 Ng3 50. Kd2 0-1


[Site "https://www.chess.com"]

[Event "Titled Tuesday Blitz May 4 2021"]
[White "Seul, Georg"]
[Black "Cuevas, Alex"]
[WhiteFideId "4601653"]
[BlackFideId "114260"]
[WhiteElo "2332"]
[BlackElo "2289"]
[Result "1-0"]
[Round "05"]
[TimeControl "180+1"]
[Date "2021.05.04"]
[WhiteClock "0:01:26"]
[BlackClock "0:00:12"]

1. e4 c6 2. d4 d5 3. exd5 cxd5 4. Bd3 Nc6 5. c3 Qc7 6. Ne2 Bg4 7. O-O e6 8. Qe1 Bxe2 9. Qxe2 Bd6 10. g3 Nge7 11. Nd2 a6 12. f4 O-O 13. Nf3 Nf5 14. g4 Nfe7 15. Ne5 Rae8 16. Qc2 f5 17. Be3 Rc8 18. Qg2 Bxe5 19. fxe5 fxg4 20. Qxg4 Qd7 21. Qh3 Nf5 22. Rf3 Nce7 23. Raf1 Rf7 24. Bg5 Rcf8 25. Bxe7 Rxe7 26. Bxf5 exf5 27. Rxf5 Rxf5 28. Qxf5 Qxf5 29. Rxf5 h6 30. Kf2 b5 31. a3 Rb7 32. Ke3 Rb6 33. Kd3 a5 34. e6 Rd6 35. e7 Re6 36. Rf8+ 1-0


[Site "https://www.chess.com"]

[Event "Titled Tuesday Blitz May 4 2021"]
[White "Shahade, Gregory"]
[Black "Zhurbinsky, David"]
[WhiteFideId "2009064"]
[BlackFideId "2072904"]
[WhiteElo "2648"]
[BlackElo "2475"]
[Result "1-0"]
[Round "05"]
[TimeControl "180+1"]
[Date "2021.05.04"]
[WhiteClock "0:00:13"]
[BlackClock "0:00:02"]

1. e4 e5 2. Nf3 Nc6 3. Bb5 a6 4. Ba4 Nf6 5. O-O Be7 6. Re1 b5 7. Bb3 O-O 8. a4 b4 9. d4 d6 10. dxe5 dxe5 11. Qe2 Bg4 12. Nbd2 Nd4 13. Qe3 Bc5 14. Nxd4 Bxd4 15. Qg3 Qd7 16. h3 Be6 17. Nc4 Rad8 18. Bg5 Kh8 19. c3 bxc3 20. bxc3 Bxc4 21. Bxc4 Ba7 22. Qxe5 Rfe8 23. Qf4 Qc6 24. e5 Nd5 25. Bxd5 Rxd5 26. Qxf7 Bc5 27. Rad1 Rxd1 28. Rxd1 Qxa4 29. Rd7 Bf8 30. Qxe8 Qa1+ 31. Kh2 Qa3 32. Be7 1-0


[Site "https://www.chess.com"]

[Event "Titled Tuesday Blitz May 4 2021"]
[White "Shahinyan, David"]
[Black "Efremov, Vladislav"]
[WhiteFideId "13304380"]
[BlackFideId "44159935"]
[WhiteElo "2372"]
[BlackElo "2022"]
[Result "1-0"]
[Round "05"]
[TimeControl "180+1"]
[Date "2021.05.04"]
[WhiteClock "0:01:34"]
[BlackClock "0:01:34"]

1. e4 c5 2. Nc3 e6 3. f4 d5 4. Nf3 dxe4 5. Nxe4 Nf6 6. Nxf6+ Qxf6 7. g3 Be7 8. Bg2 Nc6 9. O-O O-O 10. d3 Nd4 11. Ne5 Rb8 12. c3 Nf5 13. Qe2 Bd6 14. Bd2 Ne7 15. Be4 b6 16. Ng4 1-0


[Site "https://www.chess.com"]

[Event "Titled Tuesday Blitz May 4 2021"]
[White "Shankovskyi, Andrii"]
[Black "Eggleston, Thomas A"]
[WhiteFideId "14121565"]
[BlackFideId "412139"]
[WhiteElo "2269"]
[BlackElo "2174"]
[Result "0-1"]
[Round "05"]
[TimeControl "180+1"]
[Date "2021.05.04"]
[WhiteClock "0:00:51"]
[BlackClock "0:01:22"]

1. e4 e6 2. d4 d5 3. exd5 exd5 4. Bd3 c5 5. Nf3 Nf6 6. O-O c4 7. Re1+ Be7 8. Bf1 b5 9. Bg5 O-O 10. a4 b4 11. Qd2 Ne4 12. Bxe7 Qxe7 13. Qf4 Nc6 14. Nfd2 Nxd4 15. Nxe4 Nxc2 16. Nbd2 Nxa1 17. Rxa1 dxe4 18. Bxc4 Bb7 19. b3 Rad8 0-1


[Site "https://www.chess.com"]

[Event "Titled Tuesday Blitz May 4 2021"]
[White "Shapiro, David"]
[Black "Region_07"]
[WhiteFideId "24133523"]
[WhiteElo "2261"]
[BlackElo "2372"]
[Result "1-0"]
[Round "05"]
[TimeControl "180+1"]
[Date "2021.05.04"]
[WhiteClock "0:00:42"]
[BlackClock "0:00:02"]

1. d4 d5 2. Bf4 Nc6 3. e3 Nf6 4. Nc3 a6 5. Bd3 Bg4 6. f3 Bh5 7. g4 Bg6 8. h4 Bxd3 9. Qxd3 e6 10. Nge2 Bd6 11. O-O-O Qd7 12. e4 Bxf4+ 13. Nxf4 O-O-O 14. g5 dxe4 15. fxe4 Ng4 16. Qg3 h5 17. gxh6 Nxh6 18. d5 exd5 19. Nfxd5 Kb8 20. Qxg7 Qg4 21. Qf6 Qg6 22. Qxg6 fxg6 23. Rdg1 Ne5 24. Rg5 Nhf7 25. Rg3 c6 26. Nf4 Rh6 27. Rhg1 Rxh4 28. Nxg6 Nxg6 29. Rxg6 Ne5 30. Rg8 Rxg8 31. Rxg8+ Kc7 32. Rg7+ Kb6 33. Na4+ Ka7 34. Nc5 Rh1+ 35. Kd2 Nc4+ 36. Kc3 Nd6 37. e5 Rh3+ 38. Kd2 Nc4+ 39. Ke2 Re3+ 40. Kf2 Rxe5 41. Nxb7 Nxb2 42. Nc5+ Kb6 43. Nd7+ Kb5 44. Nxe5 1-0


[Site "https://www.chess.com"]

[Event "Titled Tuesday Blitz May 4 2021"]
[White "Shapkin, Anatoliy"]
[Black "Przybylski, Wojciech"]
[WhiteFideId "34108332"]
[BlackFideId "1117599"]
[WhiteElo "2221"]
[BlackElo "2317"]
[Result "1-0"]
[Round "05"]
[TimeControl "180+1"]
[Date "2021.05.04"]
[WhiteClock "0:01:55"]
[BlackClock "0:00:35"]

1. d4 Nf6 2. Nf3 d5 3. Bf4 Bf5 4. e3 c6 5. c4 e6 6. Nc3 Nbd7 7. Qb3 Qb6 8. c5 Qxb3 9. axb3 a6 10. b4 Rc8 11. h3 h6 12. Nd2 Be7 13. Nb3 Bd8 14. Na5 Bxa5 15. bxa5 e5 16. Bh2 exd4 17. exd4 O-O 18. f3 Rfe8+ 19. Kf2 Nf8 20. Ra4 Ne6 21. Rb4 Re7 22. Bd6 Rd7 23. Be2 Re8 24. g4 Bg6 25. h4 Red8 26. Ra1 Ne8 27. Bg3 h5 28. Bd1 f5 29. Be5 fxg4 30. fxg4 Rf7+ 31. Kg3 hxg4 32. Bxg4 Nf6 33. Bxe6 1-0


[Site "https://www.chess.com"]

[Event "Titled Tuesday Blitz May 4 2021"]
[White "Shipov, Sergei"]
[Black "AldokhinIvan"]
[WhiteFideId "4113624"]
[WhiteElo "2736"]
[BlackElo "2535"]
[Result "1-0"]
[Round "05"]
[TimeControl "180+1"]
[Date "2021.05.04"]
[WhiteClock "0:00:13"]
[BlackClock "0:00:01"]

1. d4 Nf6 2. c4 g6 3. Nc3 Bg7 4. e4 d6 5. Be2 O-O 6. g4 Nc6 7. d5 Nb4 8. h4 e6 9. h5 exd5 10. cxd5 Re8 11. hxg6 hxg6 12. Bg5 Re5 13. Bf4 Re8 14. f3 Bxg4 15. a3 Na6 16. Bh6 Bxh6 17. Rxh6 Bh5 18. Bxa6 bxa6 19. Qd2 Kg7 20. O-O-O Rh8 21. Rxh8 Qxh8 22. Kb1 Nd7 23. Nce2 Rb8 24. Nd4 Kf8 25. Nge2 Ne5 26. Rc1 Nxf3 27. Qe3 Nxd4 28. Nxd4 Qe5 29. Rxc7 g5 30. Rc2 Bg6 31. Nc6 Qxe4 32. Qxe4 Bxe4 33. Nxb8 g4 34. Nc6 g3 35. Nd4 g2 36. Ne2 f5 37. Kc1 Ke7 38. Rc7+ Kf6 39. Kd2 Ke5 40. Ke3 Kxd5 41. Rxa7 Ke5 42. Re7+ Kf6 43. Ra7 Ke5 44. Rxa6 d5 45. Ra5 f4+ 46. Kf2 f3 47. Ng1 Kf4 48. Ra4 Ke5 49. Ra8 Kd4 50. Rc8 Kd3 51. a4 Kd2 52. a5 d4 53. Rd8 d3 54. a6 Kc2 55. b4 d2 56. b5 Bd3 57. Nxf3 d1=Q 58. Ne1+ Kb2 59. Nxd3+ Ka3 60. Kxg2 Qe2+ 61. Nf2 Qe7 62. Rd3+ Ka4 63. Rd5 Qe6 64. Rg5 Qf6 65. Ne4 Qf4 66. Kh3 Qf3+ 67. Ng3 1-0


[Site "https://www.chess.com"]

[Event "Titled Tuesday Blitz May 4 2021"]
[White "Shkapenko, Pavel"]
[Black "Janaszak, Dawid"]
[WhiteFideId "4151933"]
[BlackFideId "1119206"]
[WhiteElo "2386"]
[BlackElo "2332"]
[Result "1/2-1/2"]
[Round "05"]
[TimeControl "180+1"]
[Date "2021.05.04"]
[WhiteClock "0:00:06"]
[BlackClock "0:00:10"]

1. e4 c5 2. c3 Nf6 3. e5 Nd5 4. d4 cxd4 5. cxd4 d6 6. Nf3 Nc6 7. Bc4 Nb6 8. Bb3 Bf5 9. exd6 e6 10. Nc3 Bxd6 11. O-O O-O 12. Bg5 Be7 13. Be3 Nb4 14. Ne5 N4d5 15. Nxd5 Nxd5 16. Qf3 Bf6 17. Rac1 Bg6 18. Rc5 Bxe5 19. dxe5 Nxe3 20. Qxe3 Qb6 21. Rfc1 Rfd8 22. h3 h6 23. Qe1 Rd7 24. Rc8+ Rxc8 25. Rxc8+ Rd8 26. Qc3 Kh7 27. Rxd8 Qxd8 28. f4 Qb6+ 29. Kh2 Qf2 30. Qf3 Qxb2 31. Qxb7 Qd4 32. Qf3 a5 33. Bd1 a4 34. Kg3 a3 35. Bb3 Be4 36. Qf2 Qc3+ 37. Kh2 Qb2 38. Kg3 h5 39. h4 Kg6 40. Qf1 Qd2 41. Qf2 Qc3+ 42. Kh2 Kh7 43. Kg1 g6 44. Kh2 Qb2 45. Kg3 Bd5 46. Bxd5 exd5 47. Kf3 d4 48. Qe2 Qc3+ 49. Ke4 Qb2 50. Qc4 Qxg2+ 51. Kxd4 Qf2+ 52. Ke4 Qg2+ 53. Kd4 Qf2+ 54. Ke4 Qg2+ 55. Kd4 1/2-1/2


[Site "https://www.chess.com"]

[Event "Titled Tuesday Blitz May 4 2021"]
[White "Shlyakhetsky, Vladimir"]
[Black "Aradhya, Garg"]
[WhiteFideId "2805928"]
[BlackFideId "25006746"]
[WhiteElo "2168"]
[BlackElo "2146"]
[Result "0-1"]
[Round "05"]
[TimeControl "180+1"]
[Date "2021.05.04"]
[WhiteClock "0:00:01"]
[BlackClock "0:00:36"]

1. d4 d5 2. Nf3 Nf6 3. g3 Bf5 4. Bg2 e6 5. O-O Nbd7 6. c4 c6 7. Nc3 Be7 8. Nh4 Bg4 9. h3 Bh5 10. Qb3 Qb6 11. g4 Bg6 12. g5 Ne4 13. Nxg6 hxg6 14. Nxe4 dxe4 15. Be3 Rh5 16. Bxe4 Rxh3 17. Qxb6 axb6 18. d5 Rh4 19. dxc6 Rxe4 20. cxd7+ Kxd7 21. Rfd1+ Kc6 22. b3 Bxg5 23. Bxg5 Rg4+ 24. Kf1 Rxg5 25. e3 Rh8 26. Ke2 Rh2 27. Rh1 Rgg2 28. Rxh2 Rxh2 29. Rd1 Rh8 30. Rd4 e5 31. Rd5 f6 32. Kf3 Kc7 33. Ke2 Rd8 34. Rb5 Kc6 35. Rb4 e4 36. Ra4 f5 37. Rb4 g5 38. Rb5 g6 39. Re5 Kd6 40. Rd5+ Ke7 41. Re5+ Kf6 42. Rb5 Rd6 43. a4 f4 44. a5 f3+ 45. Ke1 bxa5 46. c5 Rd5 47. Rxa5 b6 48. Ra6 Rxc5 49. Rxb6+ Kf5 50. Kd2 Rd5+ 51. Ke1 g4 52. b4 g3 53. fxg3 g5 0-1


[Site "https://www.chess.com"]

[Event "Titled Tuesday Blitz May 4 2021"]
[White "Shtyka, Sergey"]
[Black "Vlassov, Nikolai"]
[WhiteFideId "4138465"]
[BlackFideId "4103360"]
[WhiteElo "2102"]
[BlackElo "2407"]
[Result "1-0"]
[Round "05"]
[TimeControl "180+1"]
[Date "2021.05.04"]
[WhiteClock "0:00:08"]
[BlackClock "0:00:01"]

1. e4 Nc6 2. Nf3 d5 3. exd5 Qxd5 4. Nc3 Qa5 5. Bb5 Bd7 6. O-O a6 7. Bxc6 Bxc6 8. Nd4 Bd7 9. Qf3 c6 10. Nb3 Qc7 11. d4 Nf6 12. Bf4 Qd8 13. Nc5 Bc8 14. Rad1 e6 15. Rfe1 Be7 16. N3e4 O-O 17. Be5 Nxe4 18. Nxe4 Bd7 19. Qg3 f6 20. Bd6 Be8 21. Bxe7 Qxe7 22. Nc5 Bf7 23. c3 b6 24. Ne4 Bg6 25. a3 Rad8 26. Qe3 Rfe8 27. h3 e5 28. Ng3 Qc7 29. dxe5 Rxe5 30. Rxd8+ Qxd8 31. Qc1 Qd5 32. Rxe5 Qxe5 33. Qd2 h5 34. Qd8+ Kh7 35. Qxb6 Qe1+ 36. Kh2 h4 37. Nh1 Qe5+ 38. g3 Be4 39. Qd4 Qf5 40. Qe3 Bxh1 41. Kxh1 Qxh3+ 42. Kg1 Qg4 43. Qd3+ Kh6 44. Kh2 hxg3+ 45. fxg3 f5 46. Qxa6 Qe4 47. Qf1 g5 48. Qf2 Kg6 49. Qd2 Qb1 50. Qd6+ Kh5 51. Qd2 c5 52. Qe2+ g4 53. a4 Qa1 54. Qc2 Kg6 55. b4 c4 56. b5 Qa3 57. b6 1-0


[Site "https://www.chess.com"]

[Event "Titled Tuesday Blitz May 4 2021"]
[White "Shuvalov, Evgenij"]
[Black "Chirila, Ioan-Cristian"]
[WhiteFideId "4187237"]
[BlackFideId "1211668"]
[WhiteElo "2163"]
[BlackElo "2445"]
[Result "0-1"]
[Round "05"]
[TimeControl "180+1"]
[Date "2021.05.04"]
[WhiteClock "0:00:17"]
[BlackClock "0:00:38"]

1. Nf3 Nf6 2. c4 g6 3. Nc3 d5 4. d4 Bg7 5. h4 dxc4 6. e4 O-O 7. Bxc4 c5 8. d5 b5 9. Bd3 c4 10. Bc2 b4 11. Ne2 a5 12. h5 Nxh5 13. Rxh5 gxh5 14. Ng3 Bg4 15. Nf5 Bxf5 16. exf5 Nd7 17. Nd4 Nf6 18. Nc6 Qd6 19. Qf3 Rfe8 20. Be4 c3 21. bxc3 Nxe4 22. Qxe4 Bxc3+ 23. Kf1 Bxa1 24. Bf4 Qc5 25. g4 hxg4 26. Bh6 Kh8 27. Ne5 Bxe5 28. Qxe5+ f6 29. Qe4 Rac8 30. Kg2 Rcd8 31. Kh2 Qxd5 32. Qxg4 Rg8 33. Qh3 Qe5+ 34. Kh1 Rd1+ 0-1


[Site "https://www.chess.com"]

[Event "Titled Tuesday Blitz May 4 2021"]
[White "Simonovic, Miroslav"]
[Black "Sargissyan, Sargis"]
[WhiteFideId "919152"]
[BlackFideId "13303210"]
[WhiteElo "2043"]
[BlackElo "2174"]
[Result "1-0"]
[Round "05"]
[TimeControl "180+1"]
[Date "2021.05.04"]
[WhiteClock "0:00:37"]
[BlackClock "0:00:03"]

1. d4 Nf6 2. Bg5 e6 3. e4 Be7 4. Bxf6 Bxf6 5. e5 Be7 6. Qg4 g6 7. Bd3 d6 8. f4 dxe5 9. fxe5 c5 10. Nf3 Nc6 11. Nbd2 cxd4 12. Bb5 Bc5 13. O-O-O Qb6 14. Bxc6+ bxc6 15. Ne4 Rb8 16. b3 Ba3+ 17. Kb1 Qa5 18. Rxd4 Bc5 19. Nf6+ Kf8 20. Ra4 Qc7 21. Rd1 Be7 22. Qg5 h6 23. Qf4 Kg7 24. Rad4 Rb5 25. h4 h5 26. Rd7 Bxd7 27. Rxd7 Qa5 28. Rxe7 Qc3 29. Nxh5+ Rxh5 30. Qxf7+ Kh6 31. Qh7# 1-0


[Site "https://www.chess.com"]

[Event "Titled Tuesday Blitz May 4 2021"]
[White "Smietanska, Wiktoria"]
[Black "Karavaeva, Olga"]
[WhiteFideId "21869359"]
[BlackFideId "4124111"]
[WhiteElo "1780"]
[BlackElo "2105"]
[Result "0-1"]
[Round "05"]
[TimeControl "180+1"]
[Date "2021.05.04"]
[WhiteClock "0:00:07"]
[BlackClock "0:00:12"]

1. e4 c5 2. d4 cxd4 3. c3 d3 4. Bxd3 Nf6 5. Nf3 e6 6. c4 d5 7. cxd5 exd5 8. e5 Nfd7 9. O-O Bc5 10. Nc3 Nb6 11. Bg5 Qd7 12. a3 h6 13. Bh4 O-O 14. b4 Be7 15. Bxe7 Qxe7 16. Re1 Nc6 17. Bc2 Bg4 18. Qd3 g6 19. h3 Bf5 20. Qd2 Bxc2 21. Qxc2 Rad8 22. Rad1 Rfe8 23. Nb5 Nc4 24. e6 f5 25. Nfd4 Nxd4 26. Nxd4 Nxa3 27. Qc3 Nc4 28. Qg3 Kh7 29. h4 h5 30. Nf3 Qxb4 31. Rb1 Qe7 32. Ng5+ Kg8 33. Nf7 Kg7 34. Nxd8 Rxd8 35. Qc3+ Kg8 36. Qb3 b6 37. Qg3 Kg7 38. Ra1 a5 39. Reb1 Qxe6 40. Qc3+ Qf6 41. Qg3 Rd7 42. Rd1 d4 43. Qb3 Ne5 44. Qa4 Qxh4 45. g3 Qh3 46. Ra3 Rd5 47. Rxd4 Ng4 48. Ra2 Qh2+ 49. Kf1 Qh1+ 50. Ke2 Re5+ 51. Kd2 Qe1+ 52. Kc2 Qxf2+ 53. Kb3 Qe3+ 54. Kc4 Rc5# 0-1


[Site "https://www.chess.com"]

[Event "Titled Tuesday Blitz May 4 2021"]
[White "Smith, Shreyas"]
[Black "Melkevik, Johannes"]
[WhiteFideId "7400713"]
[BlackFideId "1501836"]
[WhiteElo "2129"]
[BlackElo "1727"]
[Result "0-1"]
[Round "05"]
[TimeControl "180+1"]
[Date "2021.05.04"]
[WhiteClock "0:00:09"]
[BlackClock "0:00:08"]

1. d4 b6 2. e4 e6 3. Bd3 Bb7 4. Nf3 Nf6 5. e5 Nd5 6. a3 c5 7. dxc5 bxc5 8. c4 Nc7 9. O-O d5 10. exd6 Bxd6 11. Nc3 Nc6 12. Bg5 Be7 13. Ne4 h6 14. Bxe7 Qxe7 15. Qe2 O-O 16. Rfe1 Rad8 17. Rad1 Nd4 18. Nxd4 Rxd4 19. b4 cxb4 20. axb4 Rfd8 21. Nc5 Ba8 22. Bc2 Qg5 23. Ne4 Bxe4 24. Bxe4 Ne8 25. Rxd4 Rxd4 26. Bc6 Qd8 27. Bxe8 Qxe8 28. b5 Qd8 29. c5 Rd2 30. Qe3 Qd5 31. c6 Rd3 32. Qxa7 Rd1 33. Qe3 Rxe1+ 34. Qxe1 Qxb5 35. Qc1 Qb8 36. c7 Qc8 37. Qc6 Kf8 38. Qd6+ Ke8 39. f4 Qd7 40. Qxd7+ Kxd7 41. Kf2 Kxc7 42. Ke3 Kd6 43. Ke4 f6 44. g4 g6 45. h4 f5+ 46. gxf5 gxf5+ 47. Kd4 h5 48. Kc4 Kc6 49. Kd4 Kd6 50. Kc4 e5 51. fxe5+ Kxe5 52. Kd3 f4 53. Ke2 Kf5 54. Kf3 Ke5 55. Kf2 Ke4 56. Ke2 f3+ 57. Kf2 Kf4 58. Kf1 Kg3 59. Kg1 Kxh4 60. Kf2 Kg4 61. Kg1 h4 62. Kf2 Kf4 63. Kf1 Kg3 64. Kg1 h3 65. Kh1 Kf2 66. Kh2 Ke1 67. Kxh3 f2 68. Kg3 f1=Q 69. Kg4 Qf2 70. Kg5 Ke2 71. Kg6 Qf3 72. Kg5 Ke3 73. Kg6 Qf4 74. Kg7 Ke4 75. Kg6 Qf5+ 76. Kg7 Ke5 77. Kg8 Qf6 78. Kh7 Qg5 79. Kh8 Kf6 0-1


[Site "https://www.chess.com"]

[Event "Titled Tuesday Blitz May 4 2021"]
[White "Smith, Tom"]
[Black "Iljushina, Olga"]
[WhiteFideId "421820"]
[BlackFideId "4152280"]
[WhiteElo "2307"]
[BlackElo "1967"]
[Result "0-1"]
[Round "05"]
[TimeControl "180+1"]
[Date "2021.05.04"]
[WhiteClock "0:00:01"]
[BlackClock "0:00:19"]

1. d4 d5 2. Nc3 Nf6 3. Bf4 c6 4. f3 Bf5 5. g4 Bg6 6. h4 h5 7. g5 Nfd7 8. e3 e5 9. dxe5 Bb4 10. Bd3 Qe7 11. Bxg6 fxg6 12. Qd3 Qe6 13. Ne2 Na6 14. O-O-O O-O-O 15. Nd4 Qe8 16. e6 Ndc5 17. Qd2 Nxe6 18. a3 Ba5 19. Nxe6 Qxe6 20. Rhe1 Rhe8 21. Qd4 Bb6 22. Qxg7 Rd7 23. Qf6 Nc5 24. Kb1 Rf7 25. Qxe6+ Rxe6 26. Ne2 Nd7 27. Nd4 Re8 28. c3 a6 29. b4 Rfe7 30. Kb2 Ne5 31. Bxe5 Rxe5 32. Nc2 Bxe3 33. Rd3 Bf2 34. Rxe5 Rxe5 35. f4 Re2 36. Rf3 Bxh4 37. f5 gxf5 38. Rxf5 Rg2 39. g6 Rxg6 40. Rxh5 Bf6 41. Rh3 Be5 42. Kb3 Rg3 43. Rxg3 Bxg3 44. Nd4 Be5 45. Ne6 Kd7 46. Nc5+ Kc7 47. a4 Bd6 48. Nd3 Kd7 49. a5 Ke6 50. Kc2 Kf5 51. Kd2 Ke4 52. Ke2 Be7 0-1


[Site "https://www.chess.com"]

[Event "Titled Tuesday Blitz May 4 2021"]
[White "Sokolov, Andrey M."]
[Black "Garcia Blanco, Omar"]
[WhiteFideId "4171438"]
[BlackFideId "2287153"]
[WhiteElo "2349"]
[BlackElo "2273"]
[Result "1-0"]
[Round "05"]
[TimeControl "180+1"]
[Date "2021.05.04"]
[WhiteClock "0:00:06"]
[BlackClock "0:00:01"]

1. d4 Nf6 2. Nf3 c5 3. c3 Qc7 4. e3 b6 5. Bd3 Bb7 6. Nbd2 g6 7. O-O Bg7 8. Qe2 O-O 9. e4 d6 10. d5 e6 11. c4 exd5 12. exd5 Nbd7 13. Qd1 Rfe8 14. Qc2 Ng4 15. a4 a6 16. Ra3 b5 17. axb5 axb5 18. Rxa8 Bxa8 19. b3 bxc4 20. bxc4 Nge5 21. Be2 Nxf3+ 22. Nxf3 Bb7 23. Bf4 Ne5 24. Rb1 Bc8 25. Qa4 Bd7 26. Qa6 h6 27. h3 Rb8 28. Rxb8+ Qxb8 29. Nxe5 dxe5 30. Be3 Bf8 31. Qa5 Qb1+ 32. Kh2 Qc2 33. Bf1 Qd1 34. Qd8 Kg7 35. Bxh6+ Kxh6 36. Qxf8+ Kg5 37. Qe7+ f6 38. Qxd7 Qxf1 39. Qg4+ Kh6 40. Qh4+ Kg7 41. d6 Qd3 42. Qg3 Qxd6 43. Qf3 e4+ 44. Qg3 Qd4 45. Qc7+ Kh6 46. Qf7 f5 47. Qf8+ 1-0


[Site "https://www.chess.com"]

[Event "Titled Tuesday Blitz May 4 2021"]
[White "Sokolovsky, Yahli"]
[Black "Grineva, Marianna"]
[WhiteFideId "2820242"]
[BlackFideId "14102013"]
[WhiteElo "1770"]
[BlackElo "1925"]
[Result "1-0"]
[Round "05"]
[TimeControl "180+1"]
[Date "2021.05.04"]
[WhiteClock "0:00:07"]
[BlackClock "0:00:03"]

1. b3 e5 2. Bb2 Nc6 3. e3 d6 4. Bb5 Bd7 5. d4 exd4 6. exd4 Nf6 7. Nf3 Be7 8. O-O O-O 9. d5 Nb4 10. Bxd7 Qxd7 11. c4 a5 12. Nc3 Rfe8 13. Nd4 c6 14. dxc6 bxc6 15. Qf3 d5 16. cxd5 Nfxd5 17. Nxd5 Qxd5 18. Qxd5 cxd5 19. Nf5 Bf8 20. Ne3 Bc5 21. a3 Nd3 22. Nxd5 Nxb2 23. Nc7 Rac8 24. Nxe8 Rxe8 25. Ra2 Bd4 26. b4 a4 27. g3 Kf8 28. Kg2 f6 29. Kf3 Kf7 30. Rb1 Nc4 31. Rc1 Ne5+ 32. Kg2 Re7 33. Rd1 Ba7 34. Rc2 Ng4 35. h3 Ne5 36. b5 Ke6 37. Rb1 Bd4 38. b6 Rb7 39. f4 Nd7 40. Rd2 Bc5 41. Rc2 Bxa3 42. Re1+ Kf7 43. Rc7 Rxb6 44. Rxd7+ Kg6 45. Rd4 Bc5 46. Rxa4 Rb2+ 47. Kf3 Rb3+ 48. Kg2 Rb2+ 49. Kh1 Rb3 50. g4 h5 51. gxh5+ Kxh5 52. Ra5 Rc3 53. Rg1 g5 54. Rg2 Rc1+ 55. Kh2 Bd6 56. Rf2 Bxf4+ 57. Rxf4 Rc2+ 58. Kg1 Kg6 59. Rf2 Rc1+ 60. Kg2 Rc3 61. Ra6 Kh5 62. Raxf6 Rc4 63. Rf8 Kg6 64. Rg8+ Kh5 65. Rf5 Rc2+ 66. Rf2 Rc3 67. Rgf8 Rc1 68. R8f3 Rc4 69. Rg3 Re4 70. Rf5 Re2+ 71. Kf3 Re1 72. Rfxg5+ Kh4 73. R3g4+ Kxh3 74. Rh5# 1-0


[Site "https://www.chess.com"]

[Event "Titled Tuesday Blitz May 4 2021"]
[White "Song, Michael"]
[Black "Preotu, Razvan"]
[WhiteFideId "2613190"]
[BlackFideId "2613280"]
[WhiteElo "2274"]
[BlackElo "2407"]
[Result "0-1"]
[Round "05"]
[TimeControl "180+1"]
[Date "2021.05.04"]
[WhiteClock "0:00:03"]
[BlackClock "0:00:08"]

1. b3 e5 2. Bb2 Nc6 3. c4 Nf6 4. Nc3 d5 5. cxd5 Nxd5 6. e3 Ndb4 7. d3 Bf5 8. e4 Be6 9. a3 Na6 10. Nf3 Nc5 11. b4 Bb3 12. Qd2 Ne6 13. Ne2 Ncd4 14. Nexd4 Nxd4 15. Bxd4 exd4 16. Qb2 Ba4 17. Qxd4 Qxd4 18. Nxd4 a5 19. Rb1 axb4 20. axb4 Be7 21. Kd2 O-O 22. f4 Rfd8 23. Ke3 g6 24. Nf3 Bb5 25. Rb3 Ra4 26. d4 Bxf1 27. Rxf1 Rxb4 28. Rxb4 Bxb4 29. Rb1 c5 30. d5 b5 31. Ne5 Ra8 32. Nc6 Ra3+ 33. Ke2 Ra2+ 34. Kf3 Ra4 35. Nxb4 cxb4 36. d6 Kf8 37. Rc1 Ke8 38. Rc7 b3 39. Rc1 b2 40. Rb1 Rb4 41. Ke3 Kd7 42. e5 f6 43. g3 fxe5 44. fxe5 Ke6 45. Kd3 Kxe5 46. d7 Rd4+ 47. Kc3 Rxd7 48. Rxb2 Rb7 49. Kb4 Kf5 50. Rf2+ Kg4 51. Rf4+ Kh3 52. Rh4+ Kg2 53. Rh6 g5 54. g4 Kf3 55. h3 Kg3 56. Rh5 Kf4 57. h4 Kxg4 58. Rxg5+ Kxh4 59. Rg8 h5 60. Rg2 Kh3 61. Rg8 h4 62. Rg6 Kh2 63. Rg8 h3 64. Rg6 Kh1 65. Rg8 h2 66. Rg6 Rc7 67. Kxb5 Rc2 68. Ra6 Kg1 0-1


[Site "https://www.chess.com"]

[Event "Titled Tuesday Blitz May 4 2021"]
[White "Spata, German"]
[Black "Chitlange Sakshi"]
[WhiteFideId "113026"]
[BlackFideId "35002899"]
[WhiteElo "2238"]
[BlackElo "1787"]
[Result "1/2-1/2"]
[Round "05"]
[TimeControl "180+1"]
[Date "2021.05.04"]
[WhiteClock "0:00:05"]
[BlackClock "0:00:19"]

1. Nf3 d5 2. b3 c5 3. Bb2 Nc6 4. e3 a6 5. d4 cxd4 6. Nxd4 Nf6 7. Be2 Nxd4 8. Qxd4 Bf5 9. O-O g6 10. c4 dxc4 11. Qxc4 Bg7 12. Rd1 Qc8 13. Qxc8+ Rxc8 14. Na3 b5 15. Rac1 O-O 16. h3 Be4 17. Nb1 Bc2 18. Re1 Rfd8 19. Nc3 Bf5 20. Bf3 Ne4 21. Bxe4 Bxe4 22. Nxe4 Bxb2 23. Rcd1 Ba3 24. Kf1 h6 25. Rxd8+ Rxd8 26. Ke2 f5 27. Nd2 Bb4 28. Rd1 Rc8 29. a4 Rc2 30. axb5 axb5 31. Kd3 Rc3+ 32. Ke2 Kf7 33. Nf3 Rxb3 34. Rd7 Ke6 35. Rb7 Rb2+ 36. Kd3 Bc5 37. Rc7 Kd6 38. Rc8 b4 39. Rg8 Rxf2 40. Rxg6+ Kc7 41. Ne5 Bd6 42. Nc4 b3 43. Nxd6 exd6 44. Rg7+ Kc6 45. Rg8 b2 46. Rb8 Kd5 47. Rb5+ Ke6 48. g4 fxg4 49. hxg4 Rg2 50. e4 Rxg4 51. Rxb2 h5 52. Kd4 h4 53. Rb8 Kf6 54. Rh8 Kg7 55. Rh5 Kg6 56. Rh8 Kf6 57. Kd5 Kg7 58. Rh5 Kg6 59. Rh8 Rg5+ 60. Kxd6 Rh5 61. Rxh5 Kxh5 62. e5 h3 63. e6 h2 64. e7 h1=Q 65. e8=Q+ Kg4 66. Qg8+ Kf4 67. Qf7+ Kg3 68. Qg6+ Kf2 69. Qf5+ Qf3 70. Qxf3+ Kxf3 1/2-1/2


[Site "https://www.chess.com"]